 Dungeon Crawl Stone Soup version 0.32-a0-306-gfed3edf829 (webtiles) character file.

Game seed: 16173814768947435629

13254 Dittersdorf the Fighter (level 12, -1/80 HPs)
             Began as a Gargoyle Fighter on Feb 14, 2024.
             Was an Initiate of Gozag.
             Slain by a slime creature (5 damage)
             ... in an ice cave.
             The game lasted 00:13:46 (10647 turns).

Dittersdorf the Fighter (Gargoyle Fighter)         Turns: 10647, Time: 00:13:47

Health: -1/80      AC: 25    Str: 25    XL:     12   Next: 4%
Magic:  12/12      EV: 12    Int:  9    God:    Gozag
Gold:   1898       SH: 15    Dex:  9    Spells: 11/11 levels left

rFire   . . .        y - +5 flail (protect)
rCold   + . .        D - +0 tower shield
rNeg    + . .        n - +1 chain mail
rPois   ∞            (no helmet)
rElec   +            B - +0 cloak
rCorr   .            r - +1 pair of gloves
SInv    .            (no boots)
Will    .....        (no amulet) Stlth
                     c - ring of protection from cold
HPRegen 0.33/turn    x - +5 ring of evasion
MPRegen 0.13/turn

%: no passive effects
@: studying Ranged Weapons
A: sickness immunity, AC +8, negative energy resistance 1, electricity
resistance, torment resistance 1, petrification resistance
a: Renounce Religion, Potion Petition, Call Merchant, Bribe Branch


You were in an ice cave.
You worshipped Gozag.
Gozag was most pleased with you.
You visited 3 branches of the dungeon, and saw 12 of its levels.
You also visited: Bailey and Ice Cave.

You collected 1945 gold pieces.
You paid 47 gold pieces to Gozag.

Inventory:

Hand Weapons
 y - a +5 flail of protection (weapon)
Missiles
 u - 5 throwing nets
Armour
 n - a +1 chain mail (worn)
 r - a +1 pair of gloves (worn)
 B - a +0 cloak (worn)
 D - a +0 tower shield (worn)
Jewellery
 a - a +6 ring of strength
 c - a ring of protection from cold (left hand)
 s - a ring of see invisible
 x - a +5 ring of evasion (right hand)
Wands
 m - a wand of mindburst (8) (quivered)
 w - a wand of paralysis (12)
Scrolls
 b - 3 scrolls of blinking
 h - 6 scrolls of teleportation
 j - 3 scrolls of enchant weapon
 k - a scroll of fog
 l - a scroll of poison
 q - 2 scrolls of enchant armour
 v - 3 scrolls of fear
 C - a scroll of summoning
Potions
 d - a potion of might
 e - 3 potions of brilliance
 f - 5 potions of heal wounds {unknown}
 i - 2 potions of haste
 o - a potion of berserk rage
 p - a potion of resistance
 t - 2 potions of curing
 z - 4 potions of mutation
 A - 3 potions of cancellation
Miscellaneous
 g - a phantom mirror


   Skills:
 + Level 11.0 Fighting
 + Level 9.8 Maces & Flails
 + Level 11.0 Armour
 + Level 11.0 Shields


You had 11 spell levels left.
You didn't know any spells.
Your spell library contained the following spells:

 Spells                   Type           Power      Damage    Failure   Level
 Necrotise                Necr           0%         1d4       99%         1
 Sting                    Conj/Alch      0%         1d3       99%         1
 Jinxbite                 Hex            0%         N/A       100%        2
 Mercury Vapours          Alch/Air       0%         N/A       100%        2
 Vampiric Draining        Necr           0%         2d6       100%        3
 Volatile Blastmotes      Fire/Tloc      0%         2d10      100%        3
 Fulminant Prism          Conj/Alch      0%         3d5       100%        4
 Iskenderun's Mystic Bla  Conj/Tloc      0%         2d3       100%        4
 Martyr's Knell           Necr/Summ      0%         N/A       100%        4
 Olgreb's Toxic Radiance  Alch           0%         N/A       100%        4
 Borgnjor's Vile Clutch   Necr/Erth      0%         N/A       100%        5
 Curse of Agony           Necr           0%         N/A       100%        5
 Yara's Violent Unravell  Hex/Alch       0%         3d3       100%        5
 Death Channel            Necr           0%         N/A       100%        6
 Enfeeble                 Hex            0%         N/A       100%        7
 Animate Dead             Necr           Unusable   N/A       N/A         4

Dungeon Overview and Level Annotations

Branches:
Dungeon (10/15)            Temple (1/1) D:5            Lair (1/5) D:8
 Bailey (visited)           IceCv (1/1)
    Orc: D:9-12

Altars:
Ashenzari
Cheibriados
Dithmenos
Elyvilon
Fedhas
Gozag
Hepliaklqana
Kikubaaqudgha
Makhleb
Nemelex Xobeh
Okawaru
Qazlal
Ru
Sif Muna
Trog
Uskayaw
Vehumet
Wu Jian
Xom
Yredelemnul
Zin
The Shining One
Beogh

Shops:
D:1 *   D:3 ?   D:5 *

Annotations:
D:10 3 runed translucent doors, Oneirical's ghost, novice FeFE
Lair:1 2 runed translucent doors, SirDiesAlot's ghost, journeyman OpSh


Innate Abilities, Weirdness & Mutations

You are immune to sickness and miasma.
Your stone body is resilient. (AC +8)
You are immune to poison.
You resist negative energy. (rN+)
You are resistant to electric shocks. (rElec)
You are resistant to unholy torment.
You are immune to petrification.


Message History

You sock the very large slime creature!
The very large slime creature is heavily wounded.
The slime creature hits you but does no damage.
You block the very large slime creature's attack.
You bludgeon the very large slime creature!!
The very large slime creature is severely wounded.
You block the slime creature's attack. The very large slime creature hits you!
You hit the very large slime creature.
The very large slime creature is severely wounded.
The slime creature barely misses you.
You block the very large slime creature's attack.
You sock the very large slime creature!
The very large slime creature is severely wounded.
You block the slime creature's attack.
The very large slime creature hits you!!
You sock the very large slime creature!
The very large slime creature is severely wounded.
You block the slime creature's attack.
The very large slime creature hits you!!!
* * * LOW HITPOINT WARNING * * *
A glowing shapeshifter simulacrum comes into view.
You are too injured to fight recklessly!
You are too injured to fight recklessly!
You are too injured to fight recklessly!
You are too injured to fight recklessly!
You are too injured to fight recklessly!
You are too injured to fight recklessly!
You are too injured to fight recklessly!
You are too injured to fight recklessly!
You are too injured to fight recklessly!
You are too injured to fight recklessly!
You are too injured to fight recklessly!
You are too injured to fight recklessly!
You are too injured to fight recklessly!
The slime creature attacks as it pursues you!
You block the slime creature's attack.
A very large slime creature splits.
The slime creature attacks as it pursues you!
The slime creature hits you.
You die...
Your body crumbles into a pile of gold.

####.. ..... # ... #. #.#
... ##.######## ....
#.........### #....##
###...........##
###....###.....###......#
..Z...ZZJ.J@.######.....#
...####.J..###(/........#
###### [(##.....## #
##.....## ..## ###...####
.....## ####....##
#.....#####.....###
#.........####
####...####


You could see a large slime creature, 2 slime creatures and 2 glowing
shapeshifter simulacra.

Vanquished Creatures
  2 vault guards (Bailey)
  Harold (D:9)
  2 two-headed ogres (D:7)
  A cane toad (Lair:1)
  Maggie (D:8)
  2 komodo dragons
  Psyche (D:8)
  The ghost of HilariousDeathArtist the Chopper, an amateur MDCA of Ignis (D:4)
  Prince Ribbit (Bailey)
  2 wyverns
  14 yaks
  5 humans (Bailey)
  A steam dragon (D:7)
  6 vampire mosquitoes (D:10)
  An acid dragon (D:10)
  An orc warrior (D:9)
  A sky beast (D:7)
  2 boggarts
  2 black bears (D:7)
  An ogre (D:6)
  3 centaurs
  2 kobold brigands
  17 bullfrogs
  3 glowing shapeshifter simulacra (IceCv)
  A scorpion (D:6)
  5 wights (D:9)
  9 killer bees
  A vampire bat (D:3)
  7 howler monkeys
  A jelly (D:7)
  2 hounds
  2 gnoll boudas
  6 orc priests
  3 sleepcaps
  3 iguanas
  5 orc wizards
  2 shapeshifter simulacra (IceCv)
  6 gnolls
  6 adders
  A shadow imp (D:7)
  12 white imps (Lair:1)
  2 dart slugs
  3 fire bats (D:3)
  4 ribbon worms
  30 orcs
  2 spectral bats (D:3)
  9 ball pythons
  12 bats
  3 bat skeletons (D:3)
  A bat zombie (D:3)
  11 endoplasms
  2 giant cockroaches
  5 hobgoblins
  15 jackals
  2 quokkas (D:1)
  A bat simulacrum (D:3)
  6 frilled lizards
  8 goblins
  13 kobolds
  4 rats
278 creatures vanquished.

Vanquished Creatures (others)
  2 orcs (D:7)
  3 kobolds (D:9)
  A quokka (D:9)
6 creatures vanquished.

Grand Total: 284 creatures vanquished

Notes
Turn   | Place    | Note
-------+----------+-------------------------------------------
     0 | D:1      | Dittersdorf the Gargoyle Fighter began the quest for the
                  | Orb.
     0 | D:1      | Reached XP level 1. HP: 14/14 MP: 1/1
    16 | D:1      | Found Gyblad's Assorted Antiques.
   160 | D:1      | Reached XP level 2. HP: 19/19 MP: 2/2
   239 | D:1      | Found a faded altar of an unknown god.
   432 | D:1      | Reached XP level 3. HP: 24/24 MP: 3/3
   844 | D:2      | Found a white marble altar of Elyvilon.
   891 | D:2      | Reached XP level 4. HP: 29/29 MP: 4/4
  1380 | D:2      | Reached XP level 5. HP: 30/33 MP: 5/5
  1464 | D:3      | Found Xolibays's Magic Scroll Shop.
  1918 | D:3      | Reached XP level 6. HP: 36/39 MP: 6/6
  2125 | D:3      | Found a hazy altar of Hepliaklqana.
  2280 | D:4      | Found a runed translucent gate.
  2281 | D:4      | Found a runed translucent gate.
  2401 | D:4      | Found a shadowy altar of Dithmenos.
  2478 | D:4      | Found a runed translucent gate.
  2493 | D:4      | Noticed HilariousDeathArtist's ghost (amateur MDCA)
  2788 | D:4      | Reached skill level 5 in Fighting
  2920 | D:4      | Found a stormy altar of Qazlal.
  2942 | D:4      | Reached skill level 5 in Armour
  3018 | D:5      | Entered Level 5 of the Dungeon
  3054 | D:5      | Reached skill level 5 in Shields
  3054 | D:5      | Reached XP level 7. HP: 41/44 MP: 7/7
  3261 | D:5      | Found Bema's Overcharged Wands.
  3321 | D:5      | Found a staircase to the Ecumenical Temple.
  3327 | Temple   | Entered the Ecumenical Temple
  3331 | Temple   | Became a worshipper of Gozag Ym Sagoz the Greedy
  3606 | D:5      | Found a shimmering blue altar of Sif Muna.
  3698 | D:6      | Found an iron altar of Okawaru.
  3860 | D:6      | Found an ancient bone altar of Kikubaaqudgha.
  3952 | D:6      | Reached XP level 8. HP: 51/51 MP: 8/8
  4455 | D:7      | Reached skill level 5 in Maces & Flails
  5061 | D:7      | Reached XP level 9. HP: 48/56 MP: 9/9
  5180 | D:7      | Identified the +1 sling of Fate {antimagic, Will+ rCorr}
  5814 | D:8      | Noticed a two-headed ogre
  5814 | D:8      | Noticed a two-headed ogre
  5846 | D:7      | Killed a two-headed ogre
  5958 | D:7      | Killed a two-headed ogre
  6110 | D:8      | Noticed Psyche
  6119 | D:8      | Paralysed by Psyche for 1 turns
  6121 | D:8      | Killed Psyche
  6122 | D:8      | Reached XP level 10. HP: 63/65 MP: 10/10
  6639 | D:8      | Noticed Maggie
  6662 | D:8      | Killed Maggie
  6777 | D:8      | Found a glowing silver altar of Zin.
  7070 | D:8      | Found a staircase to the Lair.
  7492 | D:9      | Reached XP level 11. HP: 54/72 MP: 11/11
  7599 | D:9      | Found a white marble altar of Elyvilon.
  7631 | D:9      | Found a hide-covered altar of Uskayaw.
  7731 | D:9      | Noticed Harold
  7743 | D:9      | Killed Harold
  8361 | D:10     | Entered Level 10 of the Dungeon
  8404 | D:10     | Reached skill level 10 in Fighting
  8412 | D:10     | Reached skill level 10 in Shields
  8426 | D:10     | Reached skill level 10 in Armour
  8511 | D:10     | Found a flagged portal.
  8535 | Bailey   | Entered a bailey
  8748 | Bailey   | Noticed a vault guard
  8748 | Bailey   | Noticed Prince Ribbit
  8767 | Bailey   | Killed a vault guard
  8770 | Bailey   | Killed Prince Ribbit
  8854 | Bailey   | Noticed a vault guard
  8868 | Bailey   | Killed a vault guard
  9266 | D:10     | Found a runed translucent gate.
  9266 | D:10     | Noticed Oneirical's ghost (novice FeFE)
  9283 | D:10     | Found a runed translucent gate.
  9284 | D:10     | Found a runed translucent gate.
  9285 | D:10     | Identified the +2 plate armour of the Game of Life {Dex+3}
  9526 | D:10     | Found a roughly hewn altar of Beogh.
  9736 | D:4      | Killed HilariousDeathArtist's ghost
  9912 | Lair:1   | Entered Level 1 of the Lair of Beasts
 10044 | Lair:1   | Found a large runed translucent door.
 10044 | Lair:1   | Found a large runed translucent door.
 10045 | Lair:1   | Noticed SirDiesAlot's ghost (journeyman OpSh)
 10092 | Lair:1   | Found a frozen archway.
 10105 | Lair:1   | Reached XP level 12. HP: 78/80 MP: 12/12
 10161 | IceCv    | Entered an ice cave
 10643 | IceCv    | HP: 2/80 [very large slime creature (39)]
 10647 | IceCv    | Slain by a slime creature

Illustrated notes

Levels and vault maps discovered:
D:1:      amcnicky_arrival_single_pillar, layout_basic, serial_shops,
          nicolae_shop_dealshenge, ebering_ecumenical_altar_webs,
          chequers_mini_garden, minmay_misc_feat_alley
D:2:      minmay_door_path, layout_rooms, basic_altar
D:3:      layout_basic, nicolae_overflow_crystal_walls, serial_shops,
          nicolae_shop_stone, goddamned_bats
D:4:      layout_rooms, grunt_qazlal_sundering, mainiacjoe_overflow_24_doors,
          gammafunk_ghost_split
D:5:      wander_river, layout_loops_ring, kennysheep_mini,
          minmay_temple_entry_drinking_statues, nicolae_shop_overcharged_wands
D:6:      layout_loops_ring, mainiacjoe_overflow_catch_the_wave,
          chequers_hall_statues_wall_a
D:7:      layout_basic, mrwooster_statue_mirror
D:8:      layout_basic, mainiacjoe_overflow_tiny_flanked, david_lair_shrubbed,
          nicolae_phantomly_mirrored, uniq_psyche, uniq_maggie
D:9:      layout_irregular_city, elyvilon_altar_4, nicolae_uskayaw_dance_hall,
          uniq_harold
D:10:     layout_roguey, biasface_ghost_orc_armoury, enter_bailey_5
Temple:   nicolae_temple_bog_church
Lair:1:   layout_gridlike, portal_ice_cave_entry_imps,
          ebering_ghost_disaster_area, chequers_serial_rivers_room_a,
          chequers_serial_rivers_micro_e, nzn_random_ring,
          infiniplex_staircase_pool_2
IceCv:    ice_cave_hellmonk_azure_passage

Skill      XL: |  1  2  3  4  5  6  7  8  9 10 11 12 |
---------------+-------------------------------------+-----
Fighting       | 4 5 6 8 9 11 | 11.0
Shields        | 4 5 6 8 9 10 11 | 11.0
Armour         | 4 5 6 8 9 10 11 | 11.0
Maces & Flails | 3 4 5 7 8 9 |  9.8

Action                     |  1- 3 |  4- 6 |  7- 9 | 10-12 || total
---------------------------+-------+-------+-------+-------++-------
  Melee: Flail             |   127 |   325 |   288 |   571 ||  1311
  Evoke: Wand              |       |       |    10 |     3 ||    13
    Use: Scroll            |       |     4 |    12 |     4 ||    20
         Potion            |       |       |       |     1 ||     1
 Armour: Scale mail        |   132 |    48 |       |       ||   180
         Chain mail        |       |   330 |   201 |   379 ||   910
  Dodge: Dodged            |   130 |   244 |   227 |   364 ||   965
  Block: Buckler           |    43 |   134 |    59 |   124 ||   360
         Tower shield      |       |       |       |   150 ||   150

Table legend: (Time is in decaauts)
 A = Elapsed time spent in this place.
 B = Non-inter-level travel time spent in this place.
 C = Inter-level travel time spent in this place.
 D = Time resting spent in this place.
 E = Time spent auto-exploring this place.
 F = Levels seen in this place.
 G = Mean time per level.
                   A        B        C        D        E       F      G
               +--------+--------+--------+--------+--------+-----+--------+
         Total |  10876 |  10083 |    793 |   1369 |   5842 |  14 |  776.9 |
       Dungeon |   9686 |   8893 |    793 |    819 |   5787 |  10 |  968.6 |
        Temple |      8 |      8 |      0 |      0 |      0 |   1 |    8.0 |
          Lair |    256 |    256 |      0 |      0 |      0 |   1 |  256.0 |
        Bailey |    435 |    435 |      0 |    150 |     54 |   1 |  435.0 |
      Ice Cave |    489 |    489 |      0 |    400 |      0 |   1 |  489.0 |
               +--------+--------+--------+--------+--------+-----+--------+

Top non-repeatable levels by time:
     D:7: 1657 daAuts
     D:9: 1429 daAuts
     D:8: 1051 daAuts
     D:3: 903 daAuts
     D:1: 876 daAuts
     D:6: 800 daAuts
     D:4: 766 daAuts
    D:10: 766 daAuts
     D:5: 754 daAuts
     D:2: 679 daAuts
   IceCv: 489 daAuts
  Bailey: 435 daAuts
  Lair:1: 256 daAuts
  Temple: 8 daAuts
